Map: Rhoskallian LE

Players

eOliAs

  • Race: Zerg Zerg
  • League: Diamond
  • Spawn Location: 11:00

Aløne

  • Race: Protoss Protoss
  • League: Gold
  • Spawn Location: 12:00

qqq - Winner!

  • Race: Protoss Protoss
  • Spawn Location: 5:00

Massa - Winner!

  • Race: Terran Terran
  • League: Platinum
  • Spawn Location: 6:00

VOD

Have the link to the VOD?

Description

Time

  • Played on: Oct. 10, 2020, 5:29 p.m.
  • Length: 20:25
Show
View Real Time Build Order
Export as new Build Order

eOliAs Zerg 

Build Orders: Hatch First, Muta Ling Bane 

Get SALT Encoding   

  12  0:00  Drone  
  13  0:12  Overlord  
  13  0:19  Drone  
  14  0:33  Drone x2  
  16  0:36  Drone  
  17  0:54  Hatchery  
  16  0:58  Drone  
  16  1:01  Drone  
  18  1:04  Extractor  
  17  1:22  Drone, Spawning Pool  
  17  1:23  Drone  
  18  1:29  Drone  
  20  1:40  Drone  
  20  1:53  Overlord  
  20  2:09  Metabolic Boost  
  20  2:10  Queen x2  
  20  2:11  Zergling x2  
  20  2:13  Zergling x2  
  26  2:17  Zergling x2  
  27  2:26  Zergling x4  
  29  2:36  Zergling x4  
  31  2:42  Overlord  
  31  2:49  Drone  
  32  2:58  Drone x2  
  34  3:12  Drone x3  
  37  3:25  Drone  
  37  3:26  Drone  
  39  3:34  Drone x4  
  40  3:35  Drone  
  42  4:04  Drone  
  43  4:15  Zergling x2  
  43  4:16  Hatchery, Zergling x4  
  44  4:19  Overlord x3  
  43  4:33  Drone x2  
  43  4:38  Extractor  
  43  4:39  Extractor  
  43  4:40  Drone x3  
  43  4:41  Drone x2  
  43  4:42  Drone  
  43  4:45  Lair  
  46  4:55  Zergling x2  
  46  4:56  Zergling x10  
  51  5:14  Drone  
  51  5:15  Drone x7  
  58  5:26  Overlord  
  57  5:28  Overlord  
  57  5:29  Overlord  
  57  5:33  Evolution Chamber  
  57  5:34  Evolution Chamber  
  52  5:39  Baneling Nest  
  48  5:43  Zergling x8  
  52  5:56  Zergling x6  
  55  5:58  Hatchery  
  55  6:02  Zergling x6  
  55  6:03  Zergling x2  
  58  6:09  Zergling x2  
  58  6:10  Zergling x8  
  62  6:15  Zerg Ground Armor Level 1  
  62  6:16  Zerg Melee Weapons Level 1  
  61  6:19  Zergling x2  
  61  6:20  Zergling x4  
  61  6:23  Baneling x8  
  62  6:35  Zergling x2  
  62  6:36  Zergling x12  
  69  6:43  Spine Crawler  
  69  6:45  Spire  
  69  6:46  Extractor  
  66  6:47  Drone  
  66  6:48  Drone x2  
  69  7:01  Zergling x14  
  66  7:21  Zergling x2  
  66  7:22  Zergling x16  
  63  7:33  Zergling x12  
  64  7:39  Baneling x2  
  64  7:40  Baneling  
  64  7:47  Zergling x2  
  64  7:48  Zergling x10  
  64  7:54  Zergling x2  
  64  7:55  Zergling x4  
  65  8:01  Spire  
  65  8:02  Zerg Flyer Weapons Level 1  
  65  8:04  Overlord x3  
  65  8:25  Zerg Ground Armor Level 2, Zerg Melee Weapons Level 2, Centrifical Hooks  
  65  8:28  Drone x4  
  65  8:30  Spore Crawler  
  63  9:01  Mutalisk x4  
  63  9:02  Mutalisk x8  
  79  9:10  Overseer  
  79  9:13  Mutalisk x2  
  83  9:23  Mutalisk x2  
  86  9:28  Mutalisk x2  
  89  9:47  Mutalisk x2  
  91  10:02  Mutalisk x2  
  95  10:18  Zergling x14  
  95  10:19  Zergling x8  
  100  10:36  Hatchery  
  91  10:57  Zergling x2  
  91  10:58  Zergling x28  
  101  11:08  Zergling x6  
  100  11:20  Zergling x2  
  100  11:21  Zergling x8  
  105  11:27  Zergling x2  
  105  11:28  Zergling x2  
  106  11:38  Zergling x4  
  106  11:39  Zergling x2  
  92  11:49  Mutalisk  
  92  11:50  Mutalisk x2  
  96  12:07  Mutalisk  
  96  12:08  Mutalisk x4  
  99  12:32  Zergling x2  
  99  12:33  Zergling x16  
  100  13:03  Zergling x2  
  100  13:04  Zergling x20  
  106  13:27  Zergling x10  
  111  13:34  Baneling x6  
  111  13:35  Baneling x10  
  107  14:07  Mutalisk x3  
  111  14:10  Overlord x3  
  111  14:11  Overlord x4  
  111  14:13  Drone  
  83  15:00  Mutalisk  
  83  15:02  Mutalisk x6  
  83  15:03  Mutalisk x4  
  83  15:04  Mutalisk  
  102  15:19  Queen  
  104  15:32  Hatchery  
  96  15:38  Mutalisk x5  
  69  15:50  Zergling x2  
  69  15:51  Zergling x4  
  66  16:00  Overseer  
  64  16:06  Overseer  
  64  16:15  Mutalisk  
  64  16:23  Mutalisk  
  61  16:52  Mutalisk  
  61  16:53  Mutalisk x2  
  61  17:03  Mutalisk  
  63  17:18  Mutalisk  
  65  17:32  Mutalisk  
  66  17:43  Mutalisk  
  62  17:50  Mutalisk  
  66  18:52  Mutalisk x4  
  61  19:21  Mutalisk  
Show
View Real Time Build Order
Export as new Build Order

Aløne Protoss 

Build Orders:  

Get SALT Encoding   

  12  0:06  Probe  
  13  0:18  Probe  
  13  0:19  Pylon  
  14  0:32  Probe  
  15  0:49  Probe (Chrono Boost), Gateway  
  16  0:54  Pylon  
  16  0:59  Probe (Chrono Boost)  
  16  1:02  Assimilator  
  16  1:04  Probe (Chrono Boost)  
  18  1:15  Probe  
  19  1:27  Probe (Chrono Boost)  
  20  1:36  Cybernetics Core  
  20  1:38  Probe (Chrono Boost), Gateway  
  21  1:43  Probe (Chrono Boost)  
  21  1:44  Zealot  
  24  1:54  Probe  
  25  1:58  Gateway  
  25  2:02  Assimilator  
  25  2:15  Warp Gate (Chrono Boost)  
  25  2:27  Stalker x2  
  29  2:48  Probe  
  30  2:57  Pylon  
  30  2:59  Pylon  
  30  3:00  Probe  
  31  3:12  Pylon  
  31  3:14  Zealot (Chrono Boost)  
  30  3:27  Probe  
  30  3:39  Probe  
  30  3:51  Probe  
  29  4:04  Probe  
  28  4:10  Stalker x2  
  28  4:11  Stalker  
  28  4:16  Probe  
  33  4:28  Probe  
  34  4:34  Gateway  
  34  4:35  Forge  
  34  4:36  Stalker x2  
  38  4:39  Zealot  
  38  4:40  Probe  
  41  4:52  Probe  
  42  5:04  Probe  
  41  5:15  Stalker x3  
  41  5:16  Probe  
  44  5:35  Stalker  
  44  5:43  Stalker  
  44  5:44  Zealot x2  
  46  6:03  Zealot  
  42  6:04  Zealot x2  
  42  6:21  Stalker  
  42  6:24  Zealot  
  46  6:32  Pylon  
  40  6:44  Stalker x3  
  40  6:46  Pylon  
  46  6:48  Pylon  
  46  7:06  Probe (Chrono Boost)  
  37  7:11  Nexus  
  38  7:16  Probe (Chrono Boost)  
  38  7:21  Probe (Chrono Boost), Pylon  
  39  7:32  Probe  
  30  7:44  Probe  
  30  7:47  Pylon  
  30  7:49  Stalker  
  30  7:50  Zealot  
  33  7:59  Probe (Chrono Boost)  
  34  8:10  Probe (Chrono Boost)  
  30  8:14  Probe (Chrono Boost)  
  28  8:26  Probe (Chrono Boost)  
  29  8:33  Probe (Chrono Boost)  
  30  8:40  Probe  
  31  8:41  Photon Cannon  
  31  8:51  Probe (Chrono Boost)  
  31  8:54  Probe (Chrono Boost)  
  23  9:09  Probe (Chrono Boost)  
  21  9:16  Probe  
  22  9:23  Zealot  
  23  9:40  Probe  
  24  9:52  Probe  
  25  9:58  Zealot  
  24  10:00  Sentry  
  24  10:04  Probe  
  27  10:11  Probe (Chrono Boost)  
  25  10:20  Probe (Chrono Boost)  
  26  10:23  Probe (Chrono Boost)  
  27  10:31  Probe (Chrono Boost)  
  27  10:32  Probe (Chrono Boost)  
  29  10:38  Sentry x2  
  29  10:41  Probe  
  29  10:42  Probe  
  29  10:53  Probe  
  29  10:54  Probe  
  31  11:03  Zealot  
  33  11:04  Sentry  
  33  11:10  Zealot  
  37  11:19  Stalker  
  37  11:20  Probe  
  40  11:32  Zealot  
  42  11:43  Sentry x3  
  48  11:55  Stalker  
  50  12:02  Probe x2 (Chrono Boost)  
  52  12:14  Probe (Chrono Boost)  
  54  12:20  Probe (Chrono Boost)  
  55  12:23  Probe (Chrono Boost)  
  55  12:28  Probe x2 (Chrono Boost)  
  55  12:29  Assimilator  
  56  12:32  Assimilator  
  57  12:40  Probe (Chrono Boost)  
  58  12:45  Probe (Chrono Boost)  
  59  12:53  Probe (Chrono Boost)  
  59  12:56  Protoss Ground Weapons Level 1  
  61  12:59  Probe (Chrono Boost)  
  61  13:05  Probe (Chrono Boost)  
  62  13:10  Probe (Chrono Boost), Robotics Facility  
  63  13:14  Stalker  
  63  13:15  Zealot x3  
  63  13:18  Probe (Chrono Boost)  
  73  13:25  Probe (Chrono Boost)  
  74  13:28  Probe (Chrono Boost)  
  74  13:33  Probe x2 (Chrono Boost)  
  76  13:44  Probe x2  
  76  13:46  Stalker x3  
  76  13:47  Zealot  
  86  13:56  Probe  
  87  14:08  Stalker  
  87  14:09  Probe, Zealot x3  
  74  14:21  Probe  
  69  14:34  Probe (Chrono Boost)  
  66  14:40  Probe (Chrono Boost)  
  66  14:46  Probe (Chrono Boost)  
  66  14:50  Probe (Chrono Boost), Twilight Council  
  66  14:52  Probe (Chrono Boost)  
  63  14:55  Probe (Chrono Boost), Robotics Bay  
  63  14:57  Nexus  
  63  14:59  Probe, Pylon  
  61  15:03  Stalker  
  61  15:04  Stalker  
  61  15:06  Probe, Zealot x2  
  65  15:11  Probe  
  64  15:18  Probe  
  65  15:23  Probe  
  66  15:30  Probe, Dark Shrine  
  67  15:40  Gateway  
  67  15:42  Gateway  
  67  15:46  Colossus (Chrono Boost)  
  73  15:53  Probe  
  53  16:23  Assimilator  
  49  16:28  Assimilator  
  49  16:33  Zealot x4  
  57  16:50  Probe (Chrono Boost)  
  58  16:55  Dark Templar x4  
  58  16:56  Dark Templar x2  
  58  17:00  Probe (Chrono Boost)  
  71  17:05  Probe (Chrono Boost)  
  72  17:09  Probe  
  73  17:16  Probe x2  
  73  17:21  Probe  
  76  17:28  Probe x2  
  78  17:33  Probe  
  79  17:40  Probe  
  79  17:41  Probe  
  79  17:42  Stalker x3  
  79  17:43  Zealot x2, Stalker  
  93  17:46  Probe  
  94  18:03  Probe  
  94  18:04  Probe x2  
  94  18:05  Stalker x2  
  101  18:16  Probe x2  
  101  18:27  Probe, Pylon  
  101  18:28  Probe x2  
  102  18:39  Probe  
  102  18:40  Probe  
  99  18:46  Dark Templar  
  99  18:48  Zealot x3  
  98  18:49  Zealot  
  103  19:10  Dark Templar  
  103  19:11  Zealot x2  
  103  19:12  Zealot  
  105  19:36  Probe  
  105  19:38  Pylon  
  101  19:39  Pylon  
  99  19:48  Probe  
  100  20:00  Probe  
  95  20:19  Stalker  
Show
View Real Time Build Order
Export as new Build Order

qqq Protoss - Winner!

Build Orders: 1 Gate Expand 

Get SALT Encoding   

  12  0:03  Probe  
  13  0:15  Probe  
  14  0:27  Probe  
  15  0:33  Pylon  
  15  0:37  Pylon  
  15  0:51  Probe  
  15  0:55  Gateway  
  16  1:03  Probe  
  17  1:15  Probe  
  17  1:17  Assimilator  
  18  1:27  Probe  
  19  1:39  Probe, Nexus  
  20  1:52  Cybernetics Core  
  20  1:57  Probe  
  21  2:09  Probe  
  22  2:25  Probe  
  23  2:33  Zealot  
  26  2:37  Probe  
  26  2:40  Gateway  
  26  2:49  Probe  
  27  3:00  Gateway, Zealot  
  27  3:01  Probe  
  29  3:11  Probe  
  30  3:13  Probe  
  31  3:23  Probe  
  31  3:25  Probe  
  37  3:36  Probe  
  37  3:37  Probe  
  37  3:38  Zealot  
  37  3:40  Zealot  
  37  3:41  Pylon  
  39  3:47  Twilight Council  
  39  3:48  Probe  
  40  3:54  Pylon  
  40  3:59  Zealot  
  42  4:05  Zealot  
  42  4:07  Zealot  
  46  4:18  Charge (Chrono Boost)  
  46  4:26  Zealot  
  48  4:32  Zealot  
  48  4:34  Zealot  
  48  4:37  Probe  
  52  4:39  Probe  
  53  4:50  Pylon  
  53  4:51  Probe  
  53  4:52  Pylon  
  54  5:08  Probe, Zealot x3  
  61  5:19  Dark Shrine, Robotics Facility  
  61  5:29  Forge  
  67  5:35  Zealot x3  
  67  6:02  Adept  
  69  6:04  Probe  
  70  6:18  Pylon  
  70  6:20  Zealot  
  70  6:21  Pylon  
  70  6:26  Nexus  
  70  6:29  Observer  
  70  6:30  Zealot  
  69  6:36  Zealot  
  73  6:47  Zealot  
  73  6:51  Nexus  
  73  6:52  Gateway x2  
  73  6:54  Pylon, Warp Prism  
  73  6:57  Pylon, Zealot  
  73  7:00  Pylon  
  77  7:03  Zealot  
  79  7:09  Pylon  
  79  7:12  Pylon  
  79  7:14  Zealot  
  67  7:24  Zealot  
  69  7:30  Zealot  
  69  7:41  Zealot x2, Dark Templar  
  59  7:51  Dark Templar  
  59  7:57  Zealot  
  59  8:02  Probe  
  59  8:05  Photon Cannon  
  60  8:08  Photon Cannon, Zealot x2  
  60  8:11  Probe, Photon Cannon  
  65  8:15  Probe  
  65  8:18  Photon Cannon  
  66  8:20  Zealot  
  66  8:21  Photon Cannon  
  66  8:24  Probe, Zealot  
  66  8:25  Photon Cannon  
  66  8:27  Probe  
  72  8:30  Dark Templar  
  74  8:35  Zealot x2  
  74  8:36  Probe  
  74  8:39  Probe  
  80  8:47  Dark Templar  
  80  8:48  Probe  
  83  8:51  Probe, Zealot  
  86  9:00  Probe  
  86  9:02  Zealot x2  
  80  9:09  Zealot  
  80  9:14  Probe  
  80  9:15  Probe  
  82  9:26  Probe  
  82  9:27  Probe  
  82  9:29  Zealot, Dark Templar  
  82  9:30  Zealot x2  
  90  9:36  Zealot  
  90  9:38  Probe  
  87  9:39  Probe  
  87  9:42  Photon Cannon  
  87  9:43  Photon Cannon  
  88  9:45  Shield Battery  
  88  9:48  Photon Cannon  
  88  9:50  Probe  
  88  9:51  Probe, Photon Cannon, Pylon, Shield Battery  
  88  9:52  Photon Cannon  
  90  9:53  Photon Cannon  
  90  9:57  Zealot x2  
  86  10:02  Probe  
  86  10:03  Probe  
  84  10:14  Stalker  
  73  10:17  Assimilator  
  73  10:22  Probe, Assimilator  
  73  10:23  Probe  
  73  10:25  Probe  
  73  10:26  Assimilator  
  73  10:27  Stalker  
  78  10:29  Stalker  
  78  10:34  Probe  
  81  10:36  Probe  
  81  10:37  Probe  
  83  10:46  Probe  
  83  10:48  Probe  
  83  10:49  Probe  
  86  10:58  Probe  
  86  11:00  Probe, Stalker x2  
  86  11:01  Probe  
  91  11:12  Probe  
  91  11:13  Probe  
  91  11:15  Photon Cannon  
  93  11:19  Photon Cannon  
  93  11:22  Stalker x2  
  93  11:23  Pylon, Stalker  
  93  11:24  Probe  
  93  11:25  Probe  
  101  11:30  Assimilator  
  101  11:32  Assimilator  
  101  11:35  Assimilator  
  101  11:36  Probe, Assimilator  
  101  11:37  Probe  
  90  11:48  Stalker x2  
  90  11:49  Probe  
  90  11:52  Stalker x2  
  78  12:01  Probe, Shield Battery  
  78  12:04  Photon Cannon  
  78  12:06  Stalker  
  78  12:07  Photon Cannon  
  79  12:08  Pylon  
  79  12:13  Probe, Photon Cannon  
  80  12:17  Probe  
  80  12:18  Stalker x2  
  85  12:25  Probe  
  85  12:26  Stalker  
  85  12:29  Probe  
  89  12:31  Photon Cannon  
  89  12:34  Photon Cannon  
  89  12:37  Photon Cannon  
  89  12:38  Probe  
  89  12:40  Photon Cannon  
  89  12:41  Probe  
  87  12:44  Photon Cannon  
  87  12:46  Shield Battery  
  87  12:50  Probe, Shield Battery  
  87  12:51  Stalker x3  
  90  12:52  Shield Battery  
  90  12:53  Probe  
  90  12:55  Pylon  
  90  12:58  Pylon  
  91  13:01  Pylon  
  91  13:02  Probe  
  83  13:05  Probe  
  78  13:14  Probe  
  78  13:15  Pylon  
  78  13:17  Probe, Stalker  
  78  13:18  Stalker  
  78  13:21  Stalker  
  78  13:26  Probe  
  77  13:30  Probe  
  69  13:36  Stalker x2  
  69  13:38  Probe  
  74  13:42  Probe  
  67  13:50  Probe  
  67  13:54  Probe  
  65  13:58  Photon Cannon  
  65  13:59  Dark Templar  
  65  14:00  Dark Templar, Stalker  
  65  14:02  Probe  
  70  14:06  Probe, Dark Templar  
  72  14:14  Probe  
  69  14:17  Dark Templar  
  66  14:30  Dark Templar  
  58  14:38  Zealot  
  58  14:39  Zealot  
  58  14:45  Zealot  
  59  14:57  Zealot  
  61  15:00  Probe  
  61  15:06  Dark Templar  
  61  15:07  Dark Templar  
  64  15:09  Dark Templar  
  64  15:12  Probe, Stalker  
  69  15:24  Probe, Stalker  
  72  15:36  Probe  
  73  15:46  Stalker x3  
  73  15:48  Probe  
  74  16:18  Stalker x4  
  76  16:22  Probe  
  79  16:38  Photon Cannon  
  79  17:00  Photon Cannon  
  79  17:04  Stalker x2  
  77  17:52  Stalker x4  
  77  17:53  Stalker  
  80  18:22  Stalker x4  
  80  18:23  Stalker  
  90  18:52  Nexus, Stalker x3  
  90  18:55  Pylon  
  96  18:56  Pylon  
  94  19:35  Stalker x2  
  94  19:36  Stalker  
Show
View Real Time Build Order
Export as new Build Order

Massa Terran - Winner!

Build Orders: Reaper Expand 

Get SALT Encoding   

  12  0:00  SCV  
  13  0:12  SCV  
  14  0:23  Supply Depot  
  14  0:24  SCV  
  15  0:36  Refinery  
  15  0:45  SCV  
  15  0:47  Barracks  
  16  0:57  SCV  
  17  1:09  SCV  
  18  1:21  SCV  
  19  1:35  Reaper  
  20  1:41  Command Center  
  20  1:47  Orbital Command  
  20  2:02  Factory  
  20  2:07  Marine  
  21  2:13  SCV  
  21  2:14  Refinery  
  22  2:35  Barracks Tech Lab  
  22  2:40  Supply Depot  
  22  2:49  Starport  
  22  3:02  Supply Depot  
  22  3:05  Widow Mine, Marauder, Supply Depot  
  26  3:35  Marauder  
  26  3:38  Widow Mine  
  29  3:49  Orbital Command  
  29  3:51  Concussive Shells  
  28  3:56  Marauder  
  28  4:00  Widow Mine  
  29  4:12  Medivac  
  28  4:21  Widow Mine  
  28  4:24  SCV x2  
  30  4:36  SCV  
  33  4:38  Marauder  
  33  4:47  SCV  
  33  4:49  SCV  
  35  4:59  SCV  
  36  5:01  SCV  
  37  5:13  SCV  
  36  5:25  SCV  
  37  5:37  SCV  
  38  5:49  Marauder  
  40  5:51  Factory Tech Lab  
  40  5:52  Medivac  
  42  6:07  SCV  
  42  6:08  SCV  
  42  6:11  Marauder  
  46  6:19  SCV  
  46  6:20  SCV  
  46  6:22  Refinery  
  46  6:24  Refinery  
  48  6:25  Command Center  
  48  6:29  Barracks  
  48  6:31  SCV  
  48  6:32  SCV, Marauder  
  52  6:43  SCV  
  52  6:44  SCV, Siege Tank  
  57  6:49  Stimpack  
  57  6:54  Marauder  
  59  6:55  SCV  
  59  6:56  SCV  
  57  8:24  Barracks Reactor  
  57  8:28  SCV  
  57  8:29  SCV  
  59  8:37  Engineering Bay  
  59  8:40  SCV  
  59  8:41  SCV, Command Center  
  61  8:46  Supply Depot  
  61  8:49  Supply Depot  
  61  8:51  Liberator  
  61  8:52  SCV  
  61  8:53  SCV, Siege Tank  
  69  8:57  Marauder  
  71  9:05  SCV x2  
  73  9:10  Supply Depot  
  73  9:14  Supply Depot  
  74  9:17  SCV x2, Combat Shield  
  74  9:19  Marauder  
  77  9:25  Armory, Siege Tank  
  77  9:27  Engineering Bay  
  77  9:28  Terran Infantry Weapons Level 1  
  77  9:29  Orbital Command  
  77  9:30  SCV  
  77  9:31  SCV  
  82  9:34  Viking  
  84  9:40  Marauder  
  84  9:42  SCV, Command Center  
  84  9:43  SCV  
  84  9:44  Missile Turret  
  88  9:53  Marine x2  
  88  9:55  SCV x2  
  92  10:01  Marauder  
  95  10:07  SCV x2  
  95  10:10  Marine  
  95  10:11  Marine  
  98  10:19  SCV x2  
  98  10:21  Viking  
  102  10:23  Marauder  
  102  10:27  Refinery  
  104  10:28  Marine  
  104  10:29  Marine  
  104  10:30  Missile Turret  
  104  10:32  Missile Turret  
  104  10:35  Missile Turret  
  89  10:44  Marine  
  89  10:46  Marine  
  89  10:47  Marine  
  90  10:51  Viking  
  88  11:01  Marine, Missile Turret x2  
  88  11:03  Missile Turret  
  87  11:04  Marine x2, Missile Turret x3  
  87  11:06  Missile Turret  
  87  11:08  Missile Turret x3  
  79  11:19  Orbital Command, Marine  
  79  11:22  SCV x3, Marine x2  
  68  11:28  Orbital Command  
  68  11:30  Missile Turret  
  65  11:33  Missile Turret  
  65  11:37  Marine  
  66  11:46  Marine x2  
  68  11:48  Widow Mine  
  68  11:54  Medivac  
  72  11:55  Marauder  
  74  12:03  Marine  
  74  12:04  Marine  
  76  12:09  Widow Mine  
  71  12:17  Marauder  
  69  12:24  Medivac  
  71  12:30  SCV x5  
  71  12:31  Widow Mine  
  78  12:38  Marauder  
  78  12:41  Missile Turret  
  78  12:42  SCV x2  
  78  12:43  SCV x3, Missile Turret  
  85  12:46  Missile Turret  
  85  12:47  Missile Turret  
  85  12:49  Missile Turret  
  85  12:52  Widow Mine  
  85  12:54  SCV  
  85  12:55  SCV x4  
  85  12:58  Missile Turret  
  91  12:59  Marauder  
  91  13:04  Marine  
  91  13:05  Marine  
  95  13:06  SCV, Missile Turret  
  95  13:07  SCV x4  
  100  13:13  Widow Mine  
  100  13:14  Terran Infantry Armor Level 1, Terran Infantry Weapons Level 2  
  100  13:18  SCV, Missile Turret  
  100  13:19  SCV x3  
  106  13:21  Marauder  
  106  13:22  Marine x2  
  110  13:27  Missile Turret  
  110  13:38  Missile Turret  
  110  13:40  Marine x2  
  112  13:42  Marauder  
  112  13:45  Barracks x2  
  112  13:46  Barracks  
  114  13:50  Missile Turret x3  
  114  13:51  Missile Turret  
  114  13:52  Missile Turret  
  114  13:53  Missile Turret  
  114  13:57  Marine  
  114  14:02  Marine  
  115  14:04  Marauder  
  112  14:11  Missile Turret  
  112  14:12  Missile Turret  
  91  14:26  Marauder  
  91  14:27  Widow Mine  
  88  14:34  Marine  
  88  14:35  Marine x2  
  89  14:45  Missile Turret  
  89  14:46  Missile Turret  
  89  14:48  Widow Mine  
  89  14:52  Marine  
  92  14:53  Marine x2  
  92  14:58  Barracks Tech Lab  
  94  15:05  Missile Turret  
  94  15:06  Marine  
  94  15:07  Marine, Missile Turret  
  95  15:10  Widow Mine, Marine x3  
  83  15:23  Missile Turret x2  
  83  15:24  Marine x2, Missile Turret  
  83  15:27  Missile Turret  
  85  15:29  Barracks Reactor, Missile Turret  
  85  15:31  Widow Mine  
  86  15:36  Barracks Reactor  
  86  15:42  Barracks Reactor, Marine x2  
  80  15:44  Missile Turret  
  80  15:46  Missile Turret  
  80  15:47  Missile Turret  
  81  15:51  SCV  
  81  15:52  SCV x4, Missile Turret x3  
  81  15:53  Widow Mine  
  81  15:55  Missile Turret  
  88  16:00  Marine x2  
  88  16:03  SCV  
  88  16:04  SCV x4  
  94  16:06  Missile Turret  
  94  16:09  Marine  
  94  16:10  Marine x2, Command Center, Missile Turret  
  98  16:15  SCV  
  98  16:16  SCV x4, Command Center  
  98  16:17  Marine, Command Center  
  98  16:18  Terran Infantry Armor Level 2, Terran Infantry Weapons Level 3, Marine  
  104  16:20  Terran Vehicle And Ship Armor Level 1  
  105  16:27  Medivac  
  107  16:46  Marine  
  107  16:47  SCV  
  107  16:48  SCV  
  107  16:49  SCV  
  107  16:51  SCV  
  107  16:56  Marine  
  107  16:58  Marine  
  107  16:59  SCV, Marine  
  107  17:05  Missile Turret x2  
  107  17:06  Missile Turret  
  107  17:15  Supply Depot  
  107  17:17  Supply Depot x2  
  107  17:18  Supply Depot x2  
  107  17:22  SCV x5, Marine x5, Medivac  
  119  17:23  Supply Depot x2  
  119  17:25  Missile Turret  
  119  17:26  Supply Depot  
  119  17:27  Factory Tech Lab, Missile Turret  
  119  17:29  Missile Turret  
  119  17:34  SCV x5, Orbital Command  
  119  17:35  Orbital Command  
  124  17:39  Marine x4, Missile Turret  
  124  17:42  Supply Depot  
  118  17:44  Supply Depot  
  118  17:45  Supply Depot  
  118  17:46  SCV x5  
  118  17:47  Supply Depot  
  123  17:52  Medivac  
  123  17:53  Thor  
  123  17:57  Marine  
  137  17:58  SCV x5  
  137  18:06  Refinery, Supply Depot  
  137  18:10  SCV x4  
  141  18:13  Supply Depot  
  141  18:14  Orbital Command  
  141  18:17  SCV  
  142  18:22  SCV x4, Medivac  
  142  18:24  Missile Turret  
  148  18:29  SCV  
  148  18:32  Missile Turret  
  149  18:34  SCV x4  
  149  18:36  Thor  
  159  18:41  SCV  
  159  18:47  Armory  
  157  19:05  Missile Turret  
  157  19:06  Missile Turret x2  
  157  19:08  Missile Turret  
  157  19:09  Missile Turret x2  
  156  19:10  Missile Turret  
  156  19:11  Missile Turret  
  156  19:14  Starport Reactor  
  155  19:21  Refinery  
  155  19:23  Refinery  
  153  19:24  Command Center  
  153  19:55  Marine  
  153  19:56  Marine x8  
Tags
 
Add a new tag
Caveats
  • Supply blocks, unpowered buildings, or Contaminate may cause inaccurate times.
  • Supply counts are checked every 10 seconds.